 Dungeon Sprint DCSS version 0.25.1-2-g60ff931df9 (webtiles) character file.

Game seed: 8326648957526355754

10850 listentometal the Bludgeoner (level 11, -3/189 HPs)
             Began as a Troll Berserker on Oct 27, 2020.
             Was the Champion of Trog.
             Slain by a deep elf knight (6 damage)
             ... in the Dungeon (Sprint III: "The Ten Rune Challenge").
             The game lasted 00:08:47 (1509 turns).

listentometal the Bludgeoner (Troll Berserker)      Turns: 1509, Time: 00:08:47

Health: -3/189     AC:  8    Str: 28    XL:     11   Next: 41%
Magic:  10/10      EV: 13    Int:  4    God:    Trog [******]
Gold:   4344       SH:  0    Dex: 10    Spells: 10/10 levels left

rFire    . . .     SeeInvis .   B - +11 giant spiked club of the Foremost Beasts {flame, rPois rN+}
rCold    . . .     Gourm    +   (shield currently unavailable)
rNeg     + + .     Faith    .   u - +1 robe {rN+}
rPois    +         Spirit   .   (helmet restricted)
rElec    .         Reflect  .   n - +0 cloak
rCorr    .         Harm     .   (gloves unavailable)
MR       ++...     NoTele   +   (boots unavailable)
Stlth    ..........             (no amulet)
HPRegen  1.81/turn              (no ring)
MPRegen  0.12/turn              (no ring)

@: berserking, regenerating, very quick
A: large, unfitting armour, claws 3, fast metabolism 3, gourmand, regeneration
1, shaggy fur 1, tough skin 3
a: Berserk, Trog's Hand, Brothers in Arms, Renounce Religion


You were in the Dungeon.
You worshipped Trog.
Trog was exalted by your worship.
You were completely stuffed.

You visited 1 branch You collected 4344 gold pieces.

Inventory:

Hand Weapons
 t - a +0 giant spiked club
 x - a +9 vorpal dire flail
 B - the +11 giant spiked club of the Foremost Beasts (weapon) {flame, rPois rN+}
   (Trog gifted it to you in the Dungeon)

   It has been specially enchanted to burn those struck by it, causing extra
   injury to most foes and up to half again as much damage against particularly
   susceptible opponents.
   It protects you from poison.
   It protects you from negative energy.
Missiles
 y - 6 javelins (quivered)
Armour
 n - a +0 cloak (worn)
 u - a +1 robe of positive energy (worn)
 w - a +0 robe of cold resistance
 A - a +0 robe of resistance
Wands
 m - a wand of digging (8)
Scrolls
 i - a scroll of blinking
 l - 2 scrolls of identify
 p - 2 scrolls of torment {unknown}
 q - a scroll of remove curse {unknown}
 r - a scroll of enchant weapon {unknown}
Potions
 d - 3 potions of curing
 e - a potion of heal wounds
 f - a potion of haste
 g - 2 potions of magic
 h - 3 potions of berserk rage
 j - a potion of cancellation
 k - a potion of ambrosia
 o - 5 potions of mutation
 s - 4 potions of flight
Miscellaneous
 b - a tin of tremorstones (3/3)
Comestibles
 c - 5 rations
 z - 21 chunks of flesh


   Skills:
 + Level 12.9 Fighting
 * Level 19.5 Maces & Flails
 + Level 7.6 Dodging


You had 10 spell levels left.
You didn't know any spells.
Your spell library was empty.

Dungeon Overview and Level Annotations

Branches:
Dungeon (1/1)

Altars:
Cheibriados
Dithmenos
Elyvilon
Fedhas
Gozag
Hepliaklqana
Kikubaaqudgha
Makhleb
Nemelex Xobeh
Okawaru
Qazlal
Ru
Sif Muna
Trog
Uskayaw
Vehumet
Wu Jian
Xom
Yredelemnul
Zin
The Shining One
Beogh
Jiyva
Lugonu

Shops:
D %


Innate Abilities, Weirdness & Mutations

You are too large for most types of armour.
You have claws for hands.
Your metabolism is lightning-fast.
You like to eat raw meat.
Your natural rate of healing is unusually fast.
You are covered in fur. (AC +1)
You have extremely tough skin. (AC +3)


Message History

Unknown command.
Something blocks your attack. Something blocks your attack.
You completely miss something. Something hits you!
* * * LOW HITPOINT WARNING * * *
The deep elf knight points at you and mumbles some strange words.
The lance of force hits you!
* * * LOW HITPOINT WARNING * * *
You are knocked back by the lance of force.
You slam into the stone wall!
* * * LOW HITPOINT WARNING * * *
Unknown command.
Unknown command.
You completely miss something.
Unknown command.
Unknown command.
You sock the deep elf knight! You burn the deep elf knight.
The deep elf knight is moderately wounded.
The deep elf knight hits you.
You die...

▓▓▓▓▓▓▓▓
########.#.##.########
_#__#.#.#.###..'.#...# .
.#._#........)##.#...##≈≈
##)##......).∩.#.#...≈≈≈.
....#........#.#@#e..##≈
....#.#...##.###{e...#
###'#.#####.## #######
#...#'#####################
#...#.)..#.#.#.....#^.....+
#..)##)#..#.##.###.#^...^.#
#...'##)#.#.##.#.)##......#
'...#.))#..#.)##..'....^..#
▓▓▓▓▓▓▓▓▓▓▓▓▓▓▓▓▓▓#^...^^.#


You could see a deep elf knight and a deep elf mage.

Vanquished Creatures
  Rupert (D)
  Erolcha (D)
  Urug (D)
  A lindwurm (D)
  An orc sorcerer (D)
  2 deep elf magi (D)
  2 spiny frogs (D)
  A rime drake (D)
  A komodo dragon (D)
  3 wandering mushrooms (D)
  2 tyrant leeches (D)
  5 blink frogs (D)
  5 redbacks (D)
  A shadow (D)
  A spatial vortex (D)
  A swamp drake (D)
  2 orc warriors (D)
  A necrophage (D)
  5 two-headed ogres (D)
  A water elemental (D)
  A jelly (D)
  Crazy Yiuf (D)
  5 orc priests (D)
  Jessica (D)
  A wizard (D)
  2 orc wizards (D)
  A necromancer (D)
  A kobold demonologist (D)
  3 humans (D)
  An ooze (D)
  8 orcs (D)
  2 rats (D)
65 creatures vanquished.

Notes
Turn   | Place    | Note
-------+----------+-------------------------------------------
     0 | D        | listentometal the Troll Berserker began the quest for the
                  | Orb.
     0 | D        | Reached XP level 1. HP: 22/22 MP: 0/0
     6 | D        | Reached skill level 3 in Maces & Flails
    13 | D        | Reached skill level 4 in Maces & Flails
    20 | D        | Noticed Jessica
    25 | D        | Killed Jessica
    25 | D        | Reached ** piety under Trog
    25 | D        | Reached skill level 6 in Maces & Flails
    25 | D        | Reached XP level 2. HP: 27/29 MP: 1/1
    25 | D        | Reached XP level 3. HP: 33/36 MP: 2/2
    60 | D        | Reached skill level 7 in Maces & Flails
   109 | D        | Noticed Crazy Yiuf
   118 | D        | Killed Crazy Yiuf
   118 | D        | Reached *** piety under Trog
   118 | D        | Reached skill level 8 in Maces & Flails
   118 | D        | Reached XP level 4. HP: 39/44 MP: 3/3
   166 | D        | Noticed a water elemental
   173 | D        | Killed a water elemental
   173 | D        | Reached XP level 5. HP: 53/53 MP: 4/4
   227 | D        | Found a basalt altar of Yredelemnul.
   227 | D        | Found a shadowy altar of Dithmenos.
   227 | D        | Found a sacrificial altar of Ru.
   227 | D        | Noticed a necrophage
   230 | D        | Reached skill level 9 in Maces & Flails
   235 | D        | Killed a necrophage
   235 | D        | Reached **** piety under Trog
   273 | D        | Found a radiant altar of Vehumet.
   275 | D        | Found a shimmering blue altar of Sif Muna.
   275 | D        | Found an ancient bone altar of Kikubaaqudgha.
   279 | D        | Reached skill level 10 in Maces & Flails
   279 | D        | Reached XP level 6. HP: 63/63 MP: 5/5
   285 | D        | Noticed a soul eater
   326 | D        | Found a hide-covered altar of Uskayaw.
   326 | D        | Found a roughly hewn altar of Beogh.
   326 | D        | Found an iron altar of Okawaru.
   326 | D        | Found a bloodstained altar of Trog.
   326 | D        | Found an ornate altar of the Wu Jian Council.
   326 | D        | Noticed a human
   326 | D        | Noticed a human
   334 | D        | Killed a human
   334 | D        | Reached ***** piety under Trog
   334 | D        | Reached skill level 5 in Fighting
   334 | D        | Reached skill level 11 in Maces & Flails
   334 | D        | Reached skill level 5 in Dodging
   338 | D        | Killed a human
   338 | D        | Reached XP level 7. HP: 75/75 MP: 6/6
   448 | D        | Noticed a shadow
   455 | D        | Killed a shadow
   455 | D        | Reached skill level 12 in Maces & Flails
   496 | D        | Found a blossoming altar of Fedhas.
   496 | D        | Found a stormy altar of Qazlal.
   497 | D        | Found a snail-covered altar of Cheibriados.
   497 | D        | Found a burning altar of Makhleb.
   497 | D        | Found a hazy altar of Hepliaklqana.
   497 | D        | Found a shimmering altar of Xom.
   497 | D        | Found an opulent altar of Gozag.
   497 | D        | Found a sparkling altar of Nemelex Xobeh.
   497 | D        | Found a corrupted altar of Lugonu.
   497 | D        | Found a viscous altar of Jiyva.
   497 | D        | Noticed a spatial vortex
   508 | D        | Killed a spatial vortex
   563 | D        | Found a glowing silver altar of Zin.
   564 | D        | Found a glowing golden altar of the Shining One.
   564 | D        | Found a white marble altar of Elyvilon.
   564 | D        | Noticed a deep elf mage
   572 | D        | Noticed a fire elemental
   572 | D        | Killed a deep elf mage
   572 | D        | Received a gift from Trog
   572 | D        | Reached skill level 13 in Maces & Flails
   572 | D        | Reached XP level 8. HP: 88/88 MP: 7/7
   582 | D        | Got a bloodstained giant spiked club {god gift}
   596 | D        | Identified the +8 giant spiked club of Trog's Outrage
                  | {flame, Dex+3} (Trog gifted it to you in the Dungeon)
   675 | D        | Noticed a two-headed ogre
   680 | D        | Killed a two-headed ogre
   680 | D        | Reached skill level 14 in Maces & Flails
   688 | D        | Noticed a two-headed ogre
   688 | D        | Noticed Erolcha
   691 | D        | Killed a two-headed ogre
   691 | D        | Reached XP level 9. HP: 98/98 MP: 8/8
   692 | D        | Killed Erolcha
   692 | D        | Reached skill level 15 in Maces & Flails
   695 | D        | Reached ****** piety under Trog
   695 | D        | Reached skill level 10 in Fighting
   737 | D        | Noticed a wandering mushroom
   741 | D        | Noticed a wandering mushroom
   743 | D        | Noticed a wandering mushroom
   744 | D        | Killed a wandering mushroom
   744 | D        | Reached skill level 16 in Maces & Flails
   758 | D        | Received a gift from Trog
   833 | D        | Noticed a spiny frog
   833 | D        | Noticed a komodo dragon
   833 | D        | Noticed a spiny frog
   838 | D        | Killed a spiny frog
   841 | D        | Killed a spiny frog
   841 | D        | Reached XP level 10. HP: 111/111 MP: 9/9
   842 | D        | Reached skill level 17 in Maces & Flails
  1026 | D        | Noticed a lindwurm
  1030 | D        | Killed a lindwurm
  1032 | D        | Received a gift from Trog
  1056 | D        | Noticed Urug
  1060 | D        | Killed Urug
  1060 | D        | Reached skill level 18 in Maces & Flails
  1270 | D        | Noticed Rupert
  1279 | D        | Killed Rupert
  1279 | D        | Received a gift from Trog
  1279 | D        | Reached skill level 19 in Maces & Flails
  1279 | D        | Reached XP level 11. HP: 124/124 MP: 10/10
  1355 | D        | Noticed an orc sorcerer
  1378 | D        | Killed an orc sorcerer
  1384 | D        | Received a gift from Trog
  1414 | D        | Received a gift from Trog
  1442 | D        | Got a fading giant spiked club {god gift}
  1450 | D        | Found Wucurues's Food Emporium.
  1488 | D        | Identified the +11 giant spiked club of the Foremost Beasts
                  | {flame, rPois rN+} (Trog gifted it to you in the Dungeon)
  1493 | D        | Noticed a deep elf mage
  1493 | D        | Noticed a deep elf knight
  1493 | D        | Noticed a deep elf knight
  1493 | D        | Noticed a deep elf mage
  1493 | D        | Noticed a deep elf knight
  1498 | D        | Killed a deep elf mage
  1507 | D        | HP: 1/189 [stone wall collision (23)]
  1509 | D        | Slain by a deep elf knight

Illustrated notes

Levels and vault maps discovered:
D:        dungeon_sprint_mu [sprint_mu_entry_forest, sprint_mu_temple_rooms,
          sprint_mu_d1_spiders, sprint_mu_d2_genie, sprint_mu_d3_branching,
          sprint_mu_orc_legion, sprint_mu_elf_gauntlet, sprint_mu_hive_nellie,
          sprint_mu_lair_fedhas, sprint_mu_vaults_butterflies,
          sprint_mu_slime_circle, sprint_mu_swamp_cave, sprint_mu_snake_twists,
          sprint_mu_blade_basic, sprint_mu_crypt_lich, sprint_mu_tomb_spiral,
          sprint_mu_vestibule_basic, sprint_mu_gehenna_hellfire,
          sprint_mu_dis_giant, sprint_mu_tartarus_statrot,
          sprint_mu_cocytus_islands, sprint_mu_zot1]

Skill      XL: |  1  2  3  4  5  6  7  8  9 10 |
---------------+-------------------------------+-----
Maces & Flails | 6 8 10 11 13 14 16 19 | 19.5
Fighting       | 3 4 6 7 9 10 12 | 12.9
Dodging        | 3 4 5 7 |  7.6

Action                   |  1- 3 |  4- 6 |  7- 9 | 10-12 || total
-------------------------+-------+-------+-------+-------++-------
Melee: Mace              |    25 |    31 |    23 |       ||    79
       Giant spiked club |       |       |    30 |    97 ||   127
Invok: Berserk           |     2 |     4 |     6 |     4 ||    16
       Trog's Hand       |       |       |     2 |     5 ||     7
  Use: Scroll            |       |       |       |     2 ||     2
  Eat: Chunk             |     4 |     9 |    12 |    13 ||    38
Armor: Animal skin       |     7 |     3 |       |       ||    10
       Robe              |       |       |       |    16 ||    16
Dodge: Dodged            |    11 |     7 |    18 |    36 ||    72
